 Dungeon Crawl Stone Soup version 0.30.1-5-ged363bc7ee (webtiles) character file.

Game seed: 2136304534502072187

51 Arctor the Digger (level 3, -2/26 HPs)
             Began as a Draconian Earth Elementalist on Sept 19, 2023.
             Slain by an orc
             ... wielding a +0 flail
              (7 damage)
             ... on level 3 of the Dungeon.
             The game lasted 00:01:33 (2129 turns).

Arctor the Digger (Draconian Earth Elementalist)    Turns: 2129, Time: 00:01:33

Health: -2/26      AC:  6    Str: 10    XL:     3   Next: 58%
Magic:  1/6        EV: 12    Int: 17    God:
Gold:   97         SH:  0    Dex: 11    Spells: 5/6 levels left

rFire   . . .        (no weapon)
rCold   . . .        (no shield)
rNeg    . . .        (body armour unavailable)
rPois   .            (helmet restricted)
rElec   .            l - +0 cloak
rCorr   .            (no gloves)
SInv    .            (no boots)
Will    .....        (no amulet)
Stlth   ++           (no ring)
HPRegen 0.24/turn    (no ring)
MPRegen 0.10/turn

%: no passive effects
@: lethally poisoned (-2 -> -7)
A: AC +5, unfitting armour, cold-blooded
a: no special abilities


You were on level 3 of the Dungeon.
You visited 1 branch of the dungeon, and saw 3 of its levels.

You collected 97 gold pieces.

Inventory:

Missiles
 n - 5 atropa-tipped darts
Armour
 l - a +0 cloak (worn)
Scrolls
 b - a scroll of brand weapon {unknown}
 e - a scroll of blinking {unknown}
 g - a scroll of enchant weapon {unknown}
 i - 3 scrolls of identify {unknown}
 j - a scroll of vulnerability {unknown}
 k - a scroll of noise {unknown}
 m - a scroll of amnesia {unknown}
Potions
 a - a potion of magic
 d - 7 potions of curing {unknown}
 f - a potion of might {unknown}
 h - a potion of brilliance {unknown}
 o - a potion of ambrosia {unknown}


   Skills:
 + Level 2.2 Dodging
 + Level 2.3 Stealth
 + Level 2.3 Spellcasting
 + Level 1.7 Transmutations
 + Level 3.3 Earth Magic


You had 5 spell levels left.
You knew the following spells:

 Your Spells              Type           Power      Damage    Failure   Level
a - Sandblast             Erth           26%        2d8       4%          1

Your spell library contained the following spells:

 Spells                   Type           Power      Damage    Failure   Level
 Passwall                 Tmut/Erth      8%         N/A       10%         2
 Stone Arrow              Conj/Erth      14%        3d7       28%         3
 Petrify                  Tmut/Erth      10%        N/A       54%         4


Dungeon Overview and Level Annotations

Branches:
Dungeon (3/15)

Altars:


Innate Abilities, Weirdness & Mutations

Your plain brown scales are hard. (AC +5)
You cannot fit into any form of body armour.
You are cold-blooded and may be slowed by cold attacks.


Message History

You feel sick. The adder bites you but does no damage.
You hit the adder.
You kill the adder!
You feel sick.
You are no longer poisoned.
You hit the orc.
Your tail-slap misses the orc.
The orc is moderately wounded.
The orc hits you but does no damage.
You hit the orc but do no damage. You tail-slap the orc.
The orc is severely wounded.
The orc hits you but does no damage.
You hit the orc.
You kill the orc!
The adder barely misses you.
Casting: Sandblast (safe; 4% risk of failure)
Confirm with . or Enter, or press ? or * to list all spells.
Aiming: Sandblast (safe; 4% risk of failure)
Press: ? - help, Shift-Dir - straight line, f - orc
Aim: an orc, wielding a +0 flail (82% to hit)
The blast of sand hits the orc.
The orc is almost dead.
The adder bites you.
You are poisoned.
The adder poisons you! The adder bites you.
You are lethally poisoned!
The adder poisons you! The orc hits you but does no damage.
You barely miss the orc.
Your tail-slap misses the orc.
The orc is almost dead.
You feel very sick. The adder bites you but does no damage.
The orc hits you but does no damage.
Unknown command.
You hit the orc but do no damage.
The orc is almost dead.
* * * LOW HITPOINT WARNING * * *
You feel sick. The adder bites you but does no damage.
The orc barely misses you. The adder completely misses you.
It was a potion of cancellation.
You feel magically purged.
* * * LOW HITPOINT WARNING * * *
You feel sick. The orc hits you with a +0 flail!
You die...

### #..
... #
#.#.#
##.#.###
..)...
####.#.#
#$@o<).#
#S##.#.#
#. #.# #
.. #.#
#.. #.#
#.. ...
#.. .#.
..> . .


You could see an adder and an orc.

Vanquished Creatures
  An adder (D:3)
  2 dart slugs (D:1)
  4 orcs (D:3)
  2 bats (D:1)
  2 endoplasms
  2 giant cockroaches (D:1)
  5 goblins
  4 hobgoblins
  3 kobolds
  2 quokkas (D:1)
  A ball python (D:1)
  A frilled lizard (D:1)
  3 rats
32 creatures vanquished.

Notes
Turn   | Place    | Note
-------+----------+-------------------------------------------
     0 | D:1      | Arctor the Draconian Earth Elementalist began the quest for
                  | the Orb.
     0 | D:1      | Reached XP level 1. HP: 14/14 MP: 3/3
   180 | D:1      | Reached XP level 2. HP: 20/20 MP: 0/5
  1421 | D:2      | Reached XP level 3. HP: 26/26 MP: 4/6
  2129 | D:3      | Slain by an orc

Illustrated notes

Levels and vault maps discovered:
D:1:      denvon_arrival_planthouse, layout_basic
D:2:      layout_basic, grunt_decor_one_mirror, minmay_misc_feat_rows,
          chequers_jeans
D:3:      layout_loops_ring, hangedman_abyss_or_decor_stabs,
          minmay_joined_circles

Skill      XL: |  1  2 |
---------------+-------+-----
Stealth        | 2 |  2.3
Dodging        | 2 |  2.2
Spellcasting   | |  2.3
Transmutations | |  1.7
Earth Magic    | |  3.3

Action                     || total
---------------------------++-------
  Melee: Unarmed           ||    41
         Tailslap          ||     5
   Cast: Sandblast         ||    44
    Use: Potion            ||     1
 Armour: Skin              ||    28
  Dodge: Dodged            ||    48
